 Dungeon Crawl Stone Soup version 0.16-a0-4112-g89a4107 (webtiles) character file.

381 BluebellGnoll the Sneak (level 6, -1/36 HPs)
             Began as an Octopode Wizard on Feb 27, 2015.
             Was a Follower of Sif Muna.
             Succumbed to poison (a potion of poison)
             ... on level 4 of the Dungeon.
             The game lasted 00:21:43 (4593 turns).

BluebellGnoll the Sneak (Octopode Wizard)           Turns: 4593, Time: 00:21:43

Health: -1/36      AC:  2    Str:  6    XL:     6   Next: 75%
Magic:  4/13       EV: 12    Int: 22    God:    Sif Muna [*.....]
Gold:   154        SH:  0    Dex: 11    Spells: 5 memorised, 1 level left

rFire  . . .     SeeInvis .     e - +2 dagger (venom)
rCold  . . .     Clarity  .     (no shield)
rNeg   . . .     SustAb   .     b - +1 hat
rPois  .         Gourm    .     (no amulet)
rElec  .         Spirit   .     (no ring)
rCorr  .         Warding  .     (no ring)
rMut   .         Stasis   .     (no ring)
MR     .....                    (no ring)
Stlth  ++++......               (no ring)
                                (no ring)
                                (no ring)
                                (no ring)

@: lethally poisoned (-1 -> -15), flying, not resistant to hostile enchantments,
stealthy
A: almost no armour, amphibious, 8 rings, constrict 8, camouflage 1, gelatinous
body 1
a: Channel Energy, Renounce Religion


You were on level 4 of the Dungeon.
You worshipped Sif Muna.
Sif Muna was aware of your devotion.
You were hungry.

You visited 1 branch of the dungeon, and saw 4 of its levels.

You collected 154 gold pieces.

Inventory:

Hand weapons
 e - a +2 dagger of venom (weapon)
 w - a +3 spear of distortion
 y - a +3 dagger
 z - a +1 flail of venom
Missiles
 h - 73 arrows
 l - 46 stones (quivered)
 n - 3 javelins
 p - 9 poisoned needles
 B - 19 arrows of frost
Armour
 b - a +1 hat (worn)
Scrolls
 j - a scroll of enchant weapon
 t - a scroll of immolation
Potions
 a - a potion of poison
 i - 3 potions of resistance
 o - a potion of heal wounds {unknown}
 q - a potion of cancellation
 r - a potion of curing {unknown}
 v - 2 potions of cure mutation
 x - a potion of magic {unknown}
 A - a potion of might {unknown}
Books
 c - a book of Minor Magic

   Spells                             Type                      Level
   a - Magic Dart                     Conjuration                  1
   b - Blink                          Translocation                2
   c - Call Imp                       Summoning                    2
   d - Repel Missiles                 Charms/Air                   2
   e - Slow                           Hexes                        2
   f - Conjure Flame                  Conjuration/Fire             3
   g - Mephitic Cloud                 Conjuration/Poison/Air       3
Comestibles
 d - 3 bread rations
 f - a royal jelly
 g - a meat ration
 u - a beef jerky


   Skills:
 - Level 2.0 Dodging
 - Level 4.8 Stealth
 + Level 3.5 Spellcasting
 * Level 3.9 Conjurations
   Level 1.0 Summonings
 - Level 1.0 Translocations
 - Level 1.7 Fire Magic
 - Level 2.2 Air Magic
 - Level 2.4 Poison Magic


You had one spell level left.
You knew the following spells:

 Your Spells              Type           Power        Failure   Level  Hunger
a - Magic Dart            Conj           ###.         2%          1    None
b - Blink                 Tloc           N/A          14%         2    ##.....
c - Conjure Flame         Conj/Fire      ###.....     12%         3    ###....
g - Mephitic Cloud        Conj/Pois/Air  ###.....     12%         3    ###....
r - Repel Missiles        Chrm/Air       #.....       12%         2    ##.....


Dungeon Overview and Level Annotations

Branches:
Dungeon (4/15)
 Temple: D:4-7

Altars:
Gozag
Kikubaaqudgha
Ru
Sif Muna
Vehumet

Annotations:
D:4 Dowan, Duvessa


Innate Abilities, Weirdness & Mutations

You cannot wear most types of armour.
You are amphibious.
You can wear up to eight rings at the same time.
You can use your tentacles to constrict many enemies at once.
Your skin changes colour to match your surroundings (Stealth).
Your rubbery body absorbs attacks (AC +1).


Message History

The puff of flame hits you!
* * * LOW HITPOINT WARNING * * *
* * * LOW HITPOINT WARNING * * *
You feel sick.
* * * LOW HITPOINT WARNING * * *
You feel sick.
Drink which item? (? for menu, Esc to quit)
It was a potion of cancellation.
Your magical effects are unravelling.
You feel magically purged.
Drink which item? (? for menu, Esc to quit)
It was a potion of poison.
That liquid tasted very nasty...
You are more poisoned.
* * * LOW HITPOINT WARNING * * *
You feel sick.
Drink which item? (? for menu, Esc to quit)
It was a potion of flight.
You feel very buoyant.
You fly up into the air.
You die...

... # ## ..##### # ..
....... .. #..## .....
.. .....###... ..
#.....#...# .
#†##........## .
..............### ..#
............@...## ..#
.....#.....###...###..##
. #........#
##.)......##
..###.....)###
##........#
............# #.....#...
.......###...# #(...##
......## ##.## #....##
#.....###..## #...##
.#.....##....# #...#


There were no monsters in sight!

Vanquished Creatures
  An ogre (D:4)
  A hound (D:4)
  An orc wizard (D:4)
  A worker ant (D:4)
  Ijyb (D:3)
  Robin (D:4)
  3 gnolls (D:4)
  7 adders
  A worm (D:3)
  4 orcs (D:4)
  6 giant cockroaches
  10 hobgoblins
  14 jackals
  2 quokkas
  4 bats
  4 giant geckos
  2 giant newts (D:1)
  13 goblins
  12 kobolds
  11 rats
99 creatures vanquished.

Notes
Turn   | Place    | Note
--------------------------------------------------------------
     0 | D:1      | BluebellGnoll, the Octopode Wizard, began the quest for the Orb.
     0 | D:1      | Reached XP level 1. HP: 11/11 MP: 4/4
   342 | D:1      | Reached XP level 2. HP: 3/17 MP: 1/6
   737 | D:1      | Reached skill level 4 in Stealth
   962 | D:1      | Learned a level 2 spell: Blink
  1180 | D:1      | Reached XP level 3. HP: 21/21 MP: 7/7
  1185 | D:1      | Learned a level 3 spell: Conjure Flame
  1835 | D:2      | Reached skill level 1 in Fire Magic
  1999 | D:2      | Found an opulent altar of Gozag.
  2091 | D:2      | Reached XP level 4. HP: 11/27 MP: 1/9
  2438 | D:2      | Learned a level 3 spell: Mephitic Cloud
  2903 | D:3      | Noticed Ijyb
  2938 | D:3      | Killed Ijyb
  3011 | D:3      | Reached XP level 5. HP: 28/31 MP: 6/11
  3261 | D:3      | Found a sacrificial altar of Ru.
  3476 | D:3      | Found a deep blue altar of Sif Muna.
  3480 | D:3      | Identified Sif Muna's Incunabulum of Confrontation
  3483 | D:3      | Became a worshipper of Sif Muna the Loreminder
  3488 | D:3      | Found an ancient bone altar of Kikubaaqudgha.
  3492 | D:3      | Identified Kikubaaqudgha's Papyrus of Evil
  3497 | D:3      | Found a radiant altar of Vehumet.
  3501 | D:3      | Identified Vehumet's Papyrus of Attacks
  3558 | D:3      | Reached skill level 1 in Poison Magic
  3718 | D:4      | Reached skill level 1 in Air Magic
  3725 | D:4      | Noticed Robin
  3730 | D:4      | Killed Robin
  4135 | D:4      | Reached XP level 6. HP: 17/36 MP: 12/12
  4249 | D:4      | Learned a level 2 spell: Repel Missiles
  4491 | D:4      | Noticed an ogre
  4510 | D:4      | Killed an ogre
  4559 | D:4      | Noticed Duvessa
  4561 | D:4      | Noticed Dowan
  4575 | D:4      | Acquired Sif Muna's first power
  4592 | D:4      | HP: 1/36 [poison (a potion of poison)]
  4593 | D:4      | Succumbed to poison (a potion of poison)

Action                   |  1- 3 |  4- 6 || total
-------------------------+-------+-------++-------
Melee: Short sword       |    24 |       ||    24
       Unarmed           |     5 |       ||     5
       Dagger            |    19 |    61 ||    80
 Cast: Magic Dart        |    74 |   112 ||   186
       Mephitic Cloud    |       |     4 ||     4
       Repel Missiles    |       |     1 ||     1
  Use: Scroll            |     5 |     4 ||     9
       Potion            |       |     4 ||     4
 Stab: Sleeping          |     5 |     4 ||     9
       Confused          |       |     2 ||     2
  Eat: Chunk             |     3 |     8 ||    11
